 Dungeon Crawl Stone Soup version 0.30-a0-218-gedb9141078 (webtiles) character file.

Game seed: 16789493755944439463

2604 sleeves the Spear-Bearer (level 9, -5/78 HPs)
             Began as a Minotaur Conjurer on Oct 5, 2022.
             Slain by an orc warrior
             ... wielding a +0 dire flail
              (16 damage)
             ... on level 9 of the Dungeon.
             The game lasted 00:34:20 (13676 turns).

sleeves the Spear-Bearer (Minotaur Conjurer)       Turns: 13676, Time: 00:34:21

Health: -5/78      AC: 13    Str: 15    XL:     9   Next: 33%
Magic:  19/19      EV:  7    Int: 21    God:
Gold:   419        SH:  0    Dex: 10    Spells: 7/10 levels left

rFire   . . .      SeeInvis .    J - +2 halberd
rCold   . . .      Faith    .    (shield currently unavailable)
rNeg    . . .      Spirit   .    I - +0 chain mail
rPois   .          Reflect  .    (helmet restricted)
rElec   .          Harm     .    g - +0 cloak
rCorr   .          Rampage  .    (no gloves)
Will    .....                    f - +0 pair of boots
Stlth   ..........               (no amulet)
HPRegen 0.33/turn                j - ring of magical power
MPRegen 0.16/turn                m - +6 ring of intelligence

@: no status effects
A: horns 2, retaliatory headbutt
a: no special abilities


You were on level 9 of the Dungeon.
You visited 2 branches of the dungeon, and saw 10 of its levels.
You also visited: Sewer.

You collected 419 gold pieces.

Inventory:

Hand Weapons
 E - a +0 trident
   (You found it on level 6 of the Dungeon)
 J - a +2 halberd (weapon)
   (You took it off a wight on level 7 of the Dungeon)
Missiles
 d - 3 boomerangs
 B - 40 poisoned darts (quivered)
Armour
 f - a +0 pair of boots (worn)
   (You found it on level 1 of the Dungeon)
 g - a +0 cloak (worn)
   (You found it on level 1 of the Dungeon)
 u - a +0 ring mail
   (You found it on level 3 of the Dungeon)
 x - a +0 tower shield
   (You found it on level 3 of the Dungeon)
 y - the -2 pair of gloves "Deisoc" {rElec rF- rC++ rN+ Regen+}
   (You found it on level 5 of the Dungeon)

   rF:        It makes you vulnerable to fire.
   rC:        It greatly protects you from cold.
   rElec:     It insulates you from electricity.
   rN:        It protects you from negative energy.
   Regen:     It increases your rate of health regeneration.
 A - a +0 scale mail
   (You found it on level 4 of the Dungeon)
 D - a +0 leather armour
   (You found it on level 5 of the Dungeon)
 I - a +0 chain mail (worn)
   (You took it off an orc on level 7 of the Dungeon)
Jewellery
 j - a ring of magical power (left hand)
   (You found it on level 1 of the Dungeon)
 k - a ring of fire
   (You found it on level 1 of the Dungeon)
 m - a +6 ring of intelligence (right hand)
   (You found it on level 2 of the Dungeon)
 p - a ring of flight
   (You found it on level 2 of the Dungeon)
 G - a ring of fire
   (You found it on level 6 of the Dungeon)
Wands
 a - a wand of charming (8)
   (You found it on level 7 of the Dungeon)
Scrolls
 c - 6 scrolls of enchant armour
 h - 8 scrolls of teleportation
 i - a scroll of brand weapon {unknown}
 l - a scroll of summoning {unknown}
 r - a scroll of amnesia {unknown}
 w - 2 scrolls of blinking
 z - a scroll of magic mapping {unknown}
 C - a scroll of acquirement {unknown}
 F - a scroll of noise {unknown}
Potions
 b - 3 potions of magic
 e - 2 potions of flight
 n - 2 potions of brilliance
 o - a potion of berserk rage {unknown}
 q - 2 potions of mutation {unknown}
 s - 3 potions of curing
 t - a potion of degeneration {unknown}
 v - a potion of might {unknown}
 H - a potion of attraction {unknown}


   Skills:
 - Level 6.6 Fighting
 + Level 11.7 Polearms
 - Level 6.6 Armour
 - Level 2.1 Dodging
 - Level 1.5 Stealth
 - Level 1.3 Spellcasting
 - Level 2.9 Conjurations


You had 7 spell levels left.
You knew the following spells:

 Your Spells              Type           Power      Damage    Failure   Level
a - Magic Dart            Conj           52%        1d5       58%         1
b - Searing Ray           Conj           26%        2d5       73%         2

Your spell library contained the following spells:

 Spells                   Type           Power      Damage    Failure   Level
 Momentum Strike          Conj/Tloc      14%        3d8       89%         2
 Freeze                   Ice            4%         1d3       94%         1
 Blink                    Tloc           2%         N/A       98%         2
 Dazzling Flash           Conj/Hex       14%        N/A       98%         3
 Hailstorm                Conj/Ice       7%         3d4       98%         3
 Stone Arrow              Conj/Erth      14%        3d7       98%         3
 Frozen Ramparts          Ice            2%         1d1       100%        3
 Lesser Beckoning         Tloc           2%         N/A       100%        3
 Animate Armour           Summ/Erth      2%         N/A       100%        4
 Fulminant Prism          Conj/Hex       3%         3d6       100%        4
 Iskenderun's Mystic Bla  Conj/Tloc      7%         2d4       100%        4
 Freezing Cloud           Conj/Ice/Air   2%         6-21      100%        5
 Simulacrum               Ice/Necr       0%         N/A       100%        6
 Lehudib's Crystal Spear  Conj/Erth      3%         10d3      100%        8
 Polar Vortex             Ice            0%         N/A       100%        9


Dungeon Overview and Level Annotations

Branches:
Dungeon (9/15)             Temple (1/1) D:5           Sewer (visited)
   Lair: D:8-11         Orc: D:9-12

Altars:
Ashenzari
Cheibriados
Dithmenos
Elyvilon
Fedhas
Gozag
Hepliaklqana
Kikubaaqudgha
Nemelex Xobeh
Okawaru
Qazlal
Ru
Trog
Uskayaw
Xom
Yredelemnul
Zin
The Shining One

Shops:
D:2 [=*(   D:5 !

Portals:
Abyss: D:8

Annotations:
D:3 1 runed translucent door, exclusion: downstairs, Crazy Yiuf
D:8 2 transporters, exclusion: downstairs, CertainDeath's ghost, novice TrGl


Innate Abilities, Weirdness & Mutations

You have a pair of horns on your head.
You reflexively headbutt those who attack you in melee.


Message History

You resist with some effort.
Throw: 18 darts (poison)
Press: ? - help, Q - select action, (/) - cycle Shift-Dir - straight line, f/p - Sigmund
Aim: Sigmund, wielding a +0 scythe and wearing a +0 robe (55% to hit)
You throw a poisoned dart. The poisoned dart hits Sigmund.
Throw: 17 darts (poison)
Press: ? - help, Q - select action, (/) - cycle Shift-Dir - straight line, f/p - Sigmund
Aim: Sigmund, wielding a +0 scythe and wearing a +0 robe (55% to hit)
You throw a poisoned dart.
The poisoned dart closely misses Sigmund.
Sigmund gestures at you while chanting. You resist with some effort.
Throw: 16 darts (poison)
Press: ? - help, Q - select action, (/) - cycle Shift-Dir - straight line, f/p - Sigmund
Aim: Sigmund, wielding a +0 scythe and wearing a +0 robe (55% to hit)
You throw a poisoned dart. The poisoned dart hits Sigmund.
Sigmund is poisoned.
Sigmund gestures at you while chanting.
You are confused.
Unknown command.
Sigmund points at you and mumbles some strange words.
The magic dart hits you.
You climb upwards.
There is a stone staircase leading down here.
You feel less confused.
You climb downwards.
Level annotation: Sigmund
There is a stone staircase leading up here.
Throw: 15 darts (poison)
Press: ? - help, Q - select action, (/) - cycle Shift-Dir - straight line, f - Sigmund
Aim: Sigmund, wielding a +0 scythe and wearing a +0 robe (55% to hit)
You throw a poisoned dart.
The poisoned dart closely misses Sigmund.
Sigmund barely misses you.
Throw: 14 darts (poison)
Press: ? - help, Q - select action, (/) - cycle Shift-Dir - straight line, f/p - Sigmund
Aim: Sigmund, wielding a +0 scythe and wearing a +0 robe (55% to hit)
You throw a poisoned dart. The poisoned dart hits Sigmund.
Sigmund is poisoned.
Sigmund hits you from afar with a +0 scythe!
Reach: E) +0 trident
Press: ? - help, Dir - move target, f/p - Sigmund
Aim: Sigmund, wielding a +0 scythe and wearing a +0 robe (poisoned, about 42% to evade your +0 trident)
You reach to attack!
You hit Sigmund.
Sigmund is lightly wounded.
Sigmund barely misses you.
Reach: E) +0 trident
Press: ? - help, Dir - move target, f/p - Sigmund
Aim: Sigmund, wielding a +0 scythe and wearing a +0 robe (moderately wounded, poisoned, about 42% to evade your +0 trident)
You reach to attack!
You hit Sigmund.
Sigmund is moderately wounded.
Sigmund hits you from afar with a +0 scythe!
Reach: E) +0 trident
Press: ? - help, Dir - move target, f/p - Sigmund
Aim: Sigmund, wielding a +0 scythe and wearing a +0 robe (moderately wounded, poisoned, about 42% to evade your +0 trident)
You reach to attack!
You hit Sigmund.
Sigmund is heavily wounded.
Sigmund hits you from afar with a +0 scythe.
Reach: E) +0 trident
Press: ? - help, Dir - move target, f/p - Sigmund
Aim: Sigmund, wielding a +0 scythe and wearing a +0 robe (heavily wounded, poisoned, about 42% to evade your +0 trident)
You reach to attack!
You hit Sigmund.
Sigmund is heavily wounded.
Sigmund looks more healthy.
Sigmund hits you but does no damage.
Reach: E) +0 trident
Press: ? - help, Dir - move target, f/p - Sigmund
Aim: Sigmund, wielding a +0 scythe and wearing a +0 robe (heavily wounded, about 42% to evade your +0 trident)
You reach to attack!
You hit Sigmund.
Sigmund is severely wounded.
You block Sigmund's attack.
Reach: E) +0 trident
Press: ? - help, Dir - move target, f/p - Sigmund
Aim: Sigmund, wielding a +0 scythe and wearing a +0 robe (severely wounded, about 42% to evade your +0 trident)
You reach to attack!
You closely miss Sigmund.
Sigmund is severely wounded.
Sigmund says, "Look into my eyes."
Sigmund hits you from afar with a +0 scythe.
Reach: E) +0 trident
Press: ? - help, Dir - move target, f/p - Sigmund
Aim: Sigmund, wielding a +0 scythe and wearing a +0 robe (severely wounded, about 42% to evade your +0 trident)
You reach to attack!
You puncture Sigmund!
Sigmund is almost dead.
Sigmund hits you but does no damage.
Reach: E) +0 trident
Press: ? - help, Dir - move target, f/p - Sigmund
Aim: Sigmund, wielding a +0 scythe and wearing a +0 robe (almost dead, about 42% to evade your +0 trident)
You reach to attack!
You puncture Sigmund!
You kill Sigmund!
Your Polearms skill increases to level 7!
B - 14 poisoned darts (gained 1)
Things that are here:
a +0 scythe; a +0 robe; the human corpse of Sigmund
I - a +0 scythe You can't wield that with only one hand.
You drop a +0 scythe.
HP restored.
B - 15 poisoned darts (gained 1)
B - 16 poisoned darts (gained 1)
B - 17 poisoned darts (gained 1)
B - 20 poisoned darts (gained 3)
B - 21 poisoned darts (gained 1)
B - 22 poisoned darts (gained 1)
B - 23 poisoned darts (gained 1)
B - 25 poisoned darts (gained 2)
You see here a +0 ring mail.
You now have 403 gold pieces (gained 11).
Done exploring.
Done exploring.
Done exploring.
Done exploring.
Done exploring.
Unknown command.
Unknown command.
(D) Dungeon (T) Temple
Where to? (Enter - D:2 @ (x,y), ? - help)
You see here a +0 ring mail.
There is a stone staircase leading down here.
You climb downwards.
Level annotation: 1 runed translucent door, exclusion: downstairs, Crazy Yiuf
There is a stone staircase leading up here.
(D) Dungeon (T) Temple
Where to? (Enter - D:3, ? - help)
There is a stone staircase leading down here.
You climb downwards.
There is a stone staircase leading up here.
Unknown command.
Done exploring.
Done exploring.
(D) Dungeon (T) Temple
Where to? (Enter - D:4, ? - help)
There is a stone staircase leading down here.
You climb downwards.
There is a stone staircase leading up here.
Done exploring.
Done exploring.
Done exploring.
(D) Dungeon (T) Temple
Where to? (Enter - D:5, ? - help)
There is an open door here.
There is an open door here.
You open the door.
There is an open door here.
There is a stone staircase leading down here.
You climb downwards.
There is a stone staircase leading up here.
Done exploring.
Done exploring.
There is a stone staircase leading down here.
Things that are here:
a +4 club; a +0 spear; the +1 mace of Koklemmirgh {elec, Dex+2} You climb downwards.
Level annotation: Pikel
There is a stone staircase leading up here.
Press: ? - help, v - describe, . - travel
Here: a wight, wielding a +4 morningstar and wearing a +0 robe The floor.
Unknown command.
You climb upwards.
There is a stone staircase leading down here.
Things that are here:
a +4 club; a +0 spear; the +1 mace of Koklemmirgh {elec, Dex+2}
Things that are here:
a +0 ring mail; a +0 war axe You see here a +0 leather armour.
You see here a +0 club.
There is a stone staircase leading down here.
You climb downwards.
Level annotation: Pikel
There is a stone staircase leading up, spattered with blood here.
You see here a +0 dagger.
There is an open door here.
The lemure shouts!
You hear a shout!
You throw a poisoned dart.
The poisoned dart closely misses the lemure.
You see here a +0 club.
There is an open door here.
Items here: ))))) [[[.
There is a stone staircase leading up, spattered with blood here.
You throw a poisoned dart. The poisoned dart hits the lemure.
You reach to attack!
You hit the lemure.
The lemure is lightly wounded.
You block the lemure's attack.
You hit the lemure. Your headbutt misses the lemure.
The lemure is moderately wounded.
The lemure hits you but does no damage. The lemure barely misses you. x2
You climb upwards.
There is a stone staircase leading down here.
The lemure attacks as you move away! The lemure hits you but does no damage.
The lemure barely misses you. You block the lemure's attack.
The lemure attacks as you move away! The lemure hits you but does no damage.
The lemure attacks as you move away! You block the lemure's attack.
You puncture the lemure!
You headbutt the lemure, but do no damage.
The lemure is moderately wounded.
The lemure barely misses you. You furiously retaliate!
You headbutt the lemure. The lemure hits you but does no damage.
You hit the lemure but do no damage.
The lemure is moderately wounded.
You block the lemure's attack.
You barely miss the lemure.
The lemure is moderately wounded.
The lemure hits you but does no damage.
You closely miss the lemure.
The lemure is moderately wounded.
The lemure hits you but does no damage. x2
You closely miss the lemure. Your headbutt misses the lemure.
The lemure is moderately wounded.
The lemure hits you but does no damage.
You closely miss the lemure. Your headbutt misses the lemure.
The lemure is moderately wounded.
You block the lemure's attack. The lemure hits you.
You closely miss the lemure. Your headbutt misses the lemure.
The lemure is moderately wounded.
You block the lemure's attack.
You hit the lemure.
The lemure is moderately wounded.
The lemure hits you but does no damage. The lemure hits you.
You barely miss the lemure.
You headbutt the lemure, but do no damage.
The lemure is moderately wounded.
You block the lemure's attack.
You closely miss the lemure.
You headbutt the lemure, but do no damage.
The lemure is moderately wounded.
The lemure hits you.
You hit the lemure.
The lemure is moderately wounded.
The lemure hits you but does no damage. You block the lemure's attack.
You hit the lemure.
The lemure is moderately wounded.
You block the lemure's attack.
You barely miss the lemure. Your headbutt misses the lemure.
The lemure is moderately wounded.
The lemure hits you.
You hit the lemure but do no damage. Your headbutt misses the lemure.
The lemure is moderately wounded.
The lemure hits you but does no damage. x2
You barely miss the lemure. You headbutt the lemure.
The lemure is heavily wounded.
The lemure hits you.
You puncture the lemure!
The lemure is almost dead.
The lemure hits you. You block the lemure's attack.
You hit the lemure.
The lemure is almost dead.
The lemure barely misses you.
You hit the lemure but do no damage.
The lemure is almost dead.
You block the lemure's attack.
You barely miss the lemure. Your headbutt misses the lemure.
The lemure is almost dead.
You block the lemure's attack. The lemure barely misses you.
You furiously retaliate!
You headbutt the lemure.
You kill the lemure!
That felt strangely unrewarding.
You closely miss the lemure.
The lemure is lightly wounded.
The lemure hits you but does no damage.
You hit the lemure but do no damage. You headbutt the lemure.
The lemure is heavily wounded.
You block the lemure's attack.
You hit the lemure.
The lemure is severely wounded.
The lemure hits you but does no damage. x2
You puncture the lemure!
You kill the lemure!
That felt strangely unrewarding.
No target in view!
No target in view!
No target in view!
No target in view!
No target in view!
No target in view!
No target in view!
No target in view!
No target in view!
No target in view!
No target in view!
No target in view!
No target in view!
No target in view!
You start resting.
HP restored.
There is a stone staircase leading down here.
You climb downwards.
Level annotation: Pikel
There is a stone staircase leading up, spattered with blood here.
You see here a +0 dagger.
B - 24 poisoned darts (gained 1)
There is an open door here.
There is an open door here.
B - 25 poisoned darts (gained 1)
There is an open door here.
There is an open door here.
There is an open door here.
An orc is nearby!
You throw a poisoned dart. The poisoned dart hits the orc.
The orc is poisoned.
The orc shouts!
You barely miss the orc.
The orc is severely wounded.
You kill the orc!
No target in view!
Things that are here:
a +0 hand axe; a +0 chain mail
B - 25 poisoned darts (gained 1)
Things that are here:
a +0 hand axe; a +0 chain mail
I - a +0 chain mail You start removing your armour.
You continue taking off your +0 scale mail. x4
You finish taking off your +0 scale mail.
You start putting on your armour.
You continue putting on your +0 chain mail. x5
You finish putting on your +0 chain mail.
Okay, then.
Unknown command.
You start removing your armour.
You continue taking off your +0 chain mail. x4
You finish taking off your +0 chain mail.
You start putting on your armour.
You continue putting on your +0 scale mail. x5
You finish putting on your +0 scale mail.
You open the door.
There is an open door here.
There is an open door here.
A wight is nearby!
A wight is nearby!
Throw: 25 darts (poison)
Press: ? - help, Q - select action, (/) - cycle Shift-Dir - straight line, f - wight
Aim: a wight, wielding a +2 halberd and wearing a +0 robe (wandering, hasn't noticed you, 59% to hit)
You throw a poisoned dart. The poisoned dart hits the wight.
There is an open door here.
The lemure shouts!
Pikel shouts!
The lemure hits you but does no damage. The lemure attacks as you move away!
The lemure hits you! The lemure attacks as you move away!
The lemure hits you but does no damage.
Pikel says, "You'll make a fine lemure."
You block the lemure's attack.
Pikel says, "Don't tell anyone, but I think Ereshkigal likes me."
The lemure attacks as you move away! The lemure hits you.
The lemure attacks as you move away! The lemure hits you but does no damage.
The lemure attacks as you move away! You block the lemure's attack.
The lemure attacks as you move away! The lemure hits you.
The lemure attacks as you move away! You block the lemure's attack.
Pikel says, "Hell isn't that bad."
The lemure attacks as you move away! The lemure hits you.
There is an escape hatch in the ceiling here.
You can't go down here!
The lemure hits you but does no damage. A mysterious force pulls you upwards.
The hatch slams shut behind you.
You puncture the lemure!
The lemure is moderately wounded.
The lemure hits you but does no damage. x2
You hit the lemure but do no damage.
The lemure is moderately wounded.
The lemure hits you.
You hit the lemure.
The lemure is heavily wounded.
You block the lemure's attack.
You puncture the lemure!
The lemure is almost dead.
The lemure hits you. The lemure closely misses you.
You closely miss the lemure.
The lemure is severely wounded.
You block the lemure's attack.
You hit the lemure. You headbutt the lemure.
You kill the lemure!
That felt strangely unrewarding.
You hit the ice beast.
The ice beast is moderately wounded.
You block the ice beast's attack.
You closely miss the ice beast. You headbutt the ice beast.
The ice beast is moderately wounded.
You block the ice beast's attack.
You puncture the ice beast!
The ice beast is heavily wounded.
You block the ice beast's attack. The ice beast hits you.
The ice beast freezes you!
You are too injured to fight recklessly!
You are too injured to fight recklessly!
You are too injured to fight recklessly!
You are too injured to fight recklessly!
You are too injured to fight recklessly!
You are too injured to fight recklessly!
You are too injured to fight recklessly!
Okay, then.
You barely miss the ice beast. Your headbutt misses the ice beast.
The ice beast is heavily wounded.
You block the ice beast's attack.
You barely miss the ice beast. You headbutt the ice beast.
The ice beast is severely wounded.
The ice beast hits you but does no damage. x2
You hit the ice beast.
You headbutt the ice beast, but do no damage.
The ice beast is almost dead.
The ice beast hits you. The ice beast freezes you!
* * * LOW HITPOINT WARNING * * *
You hit the ice beast but do no damage.
The ice beast is almost dead.
The ice beast hits you but does no damage.
You puncture the ice beast!
You kill the ice beast!
Your Polearms skill increases to level 8!
You start resting.
HP restored.
There is a stone staircase leading down here.
Things that are here:
a +4 club; a +0 spear; the +1 mace of Koklemmirgh {elec, Dex+2} You climb downwards.
Level annotation: Pikel
There is a stone staircase leading up here.
Aiming: Charm
Press: ? - help, Shift-Dir - straight line, f - wight
Aim: a wight, wielding a +0 scimitar, wearing a +0 robe and wearing an orb of wrath (chance to affect: 49%)
The wight resists with some effort.
The wight barely misses you. The wight completely misses you.
You furiously retaliate!
You headbutt the wight.
Aiming: Charm
Press: ? - help, Shift-Dir - straight line, f/p - wight
Aim: a wight, wielding a +0 scimitar, wearing a +0 robe and wearing an orb of wrath (heavily damaged, chance to affect: 49%)
The wight is charmed.
The wight barely misses you.
You hit the wight. Your headbutt misses the wight.
The wight is moderately damaged.
The wight hits you with a +4 morningstar!!
Your wight hits the wight with a +0 scimitar!
The wight is destroyed!
Items here: )) [[.
Things that are here:
a +0 leather armour; a +0 falchion
There is an open door here.
Really attack your wight?
You hit your wight.
The wight is no longer charmed.
The wight is severely damaged.
The wight hits you with a +0 scimitar.
You feel drained.
You hit the wight.
The wight is almost destroyed.
The wight hits you with a +0 scimitar!
You feel drained. You block the wight's attack. The wight blocks your attack.
The wight is almost destroyed.
The wight hits you but does no damage.
You barely miss the wight.
The wight is almost destroyed.
The wight barely misses you.
You puncture the wight!
You destroy the wight!
Items here: $ ) [[.
There is a stone staircase leading up, spattered with blood here.
You block the wight's attack.
You climb upwards.
There is a stone staircase leading down here.
Things that are here:
a +4 club; a +0 spear; the +1 mace of Koklemmirgh {elec, Dex+2} You start resting.
HP restored.
You climb downwards.
Level annotation: Pikel
There is a stone staircase leading up, spattered with blood here.
There is a stone staircase leading up, spattered with blood here.
Items here: )) [[.
Things that are here:
a +0 leather armour; a +0 falchion
Things that are here:
a +0 leather armour; a +0 falchion
Items here: )) [[.
There is a stone staircase leading up, spattered with blood here.
You throw a boomerang. The boomerang hits the wight.
The wight is lightly damaged.
You throw a boomerang.
The boomerang hits the wight but does no damage.
The wight is lightly damaged.
You reach to attack!
You hit the wight.
The wight is heavily damaged.
You block the wight's attack.
You reach to attack!
You hit the wight.
The wight is severely damaged.
The wight hits you from afar with a +2 halberd!
You feel drained.
You reach to attack!
You closely miss the wight.
The wight is severely damaged.
The wight hits you from afar with a +2 halberd!
You feel drained.
You are too injured to fight recklessly!
Reach: E) +0 trident
Press: ? - help, Dir - move target, f/p - wight
Aim: a wight, wielding a +2 halberd and wearing a +0 robe (severely damaged, about 37% to evade your +0 trident)
You reach to attack!
You closely miss the wight.
The wight is severely damaged.
You block the wight's attack. x2
Reach: E) +0 trident
Press: ? - help, Dir - move target, f/p - wight
Aim: a wight, wielding a +2 halberd and wearing a +0 robe (heavily damaged, about 37% to evade your +0 trident)
You reach to attack!
You closely miss the wight.
The wight is heavily damaged.
You block the wight's attack.
Reach: E) +0 trident
Press: ? - help, Dir - move target, f/p - wight
Aim: a wight, wielding a +2 halberd and wearing a +0 robe (heavily damaged, about 37% to evade your +0 trident)
You reach to attack!
You hit the wight but do no damage.
The wight is heavily damaged.
The wight barely misses you. The wight closely misses you.
Reach: E) +0 trident
Press: ? - help, Dir - move target, f/p - wight
Aim: a wight, wielding a +2 halberd and wearing a +0 robe (heavily damaged, about 37% to evade your +0 trident)
You reach to attack!
You hit the wight but do no damage.
The wight is heavily damaged.
The wight hits you from afar with a +2 halberd!
* * * LOW HITPOINT WARNING * * *
You feel drained.
* * * LOW HITPOINT WARNING * * *
The wight barely misses you.
You climb upwards.
There is a stone staircase leading down here.
Things that are here:
a +4 club; a +0 spear; the +1 mace of Koklemmirgh {elec, Dex+2} You start resting.
HP restored.
You climb downwards.
Level annotation: Pikel
There is a stone staircase leading up, spattered with blood here.
Items here: )) [[.
Things that are here:
a +0 leather armour; a +0 falchion
Items here: )) [[.
There is a stone staircase leading up, spattered with blood here.
Items here: )) [[.
Things that are here:
a +0 leather armour; a +0 falchion
Items here: )) [[.
There is a stone staircase leading up, spattered with blood here.
Throw: 3 boomerangs
Press: ? - help, Q - select action, (/) - cycle Shift-Dir - straight line, f - wight
Aim: a wight, wielding a +2 halberd and wearing a +0 robe (59% to hit)
You throw a boomerang. The boomerang barely misses the wight.
Throw: 3 boomerangs
Press: ? - help, Q - select action, (/) - cycle Shift-Dir - straight line, f/p - wight
Aim: a wight, wielding a +2 halberd and wearing a +0 robe (59% to hit)
You throw a boomerang.
The boomerang hits the wight but does no damage.
You block the wight's attack.
Reach: E) +0 trident
Press: ? - help, Dir - move target, f/p - wight
Aim: a wight, wielding a +2 halberd and wearing a +0 robe (about 37% to evade your +0 trident)
You reach to attack!
You hit the wight but do no damage. You block the wight's attack.
Reach: E) +0 trident
Press: ? - help, Dir - move target, f/p - wight
Aim: a wight, wielding a +2 halberd and wearing a +0 robe (about 37% to evade your +0 trident)
You reach to attack!
You closely miss the wight. You block the wight's attack.
Reach: E) +0 trident
Press: ? - help, Dir - move target, f/p - wight
Aim: a wight, wielding a +2 halberd and wearing a +0 robe (about 37% to evade your +0 trident)
You reach to attack!
You hit the wight.
The wight is moderately damaged.
The wight hits you from afar with a +2 halberd.
You feel drained.
The wight hits you from afar with a +2 halberd.
Reach: E) +0 trident
Press: ? - help, Dir - move target, f/p - wight
Aim: a wight, wielding a +2 halberd and wearing a +0 robe (moderately damaged, about 37% to evade your +0 trident)
You reach to attack!
You puncture the wight!
The wight is almost destroyed.
You block the wight's attack.
Reach: E) +0 trident
Press: ? - help, Dir - move target, f/p - wight
Aim: a wight, wielding a +2 halberd and wearing a +0 robe (almost destroyed, about 37% to evade your +0 trident)
You reach to attack!
You hit the wight.
You destroy the wight!
Items here: )) [[.
Items here: )) [[.
J - a +2 halberd
Items here: )) [[.
There is a stone staircase leading up, spattered with blood here.
You climb upwards.
There is a stone staircase leading down here.
Things that are here:
a +4 club; a +0 spear; the +1 mace of Koklemmirgh {elec, Dex+2} You start removing your armour.
You continue taking off your +0 tower shield.
HP restored.
You continue taking off your +0 tower shield. x3
You finish taking off your +0 tower shield.
Okay, then.
J - a +2 halberd (weapon)
You drop a +5 dagger.
You start removing your armour.
You continue taking off your +0 scale mail. x4
You finish taking off your +0 scale mail.
You start putting on your armour.
You continue putting on your +0 chain mail. x5
You finish putting on your +0 chain mail.
Done exploring.
Done exploring.
Things that are here:
a +0 ring mail; a +0 war axe You see here a +0 leather armour.
You see here a +0 club.
There is a stone staircase leading down here.
You climb downwards.
Level annotation: Pikel
There is a stone staircase leading up, spattered with blood here.
You see here a +0 dagger.
There is an open door here.
There is an open door here.
You see here a +0 mace.
There is an open door here.
There is a stone staircase leading down here.
You now have 409 gold pieces (gained 6).
Things that are here:
an orb of wrath; a +0 robe; a +0 scimitar
B - 25 poisoned darts (gained 1)
There is an open door here.
Key pressed, stopping explore.
You open the door.
There is an open door here.
A wight comes into view. It is wielding a +0 scimitar.
A wight is nearby!
You hit the wight.
The wight is lightly damaged.
The wight hits you with a +0 scimitar.
You barely miss the wight.
The wight is lightly damaged.
The wight hits you with a +0 scimitar.
You barely miss the wight.
The wight is lightly damaged.
The wight hits you with a +0 scimitar.
You feel drained.
You hit the wight but do no damage.
You headbutt the wight, but do no damage.
The wight is lightly damaged.
The wight closely misses you.
You hit the wight. Your headbutt misses the wight.
The wight is heavily damaged.
The wight hits you with a +0 scimitar!
You puncture the wight!
You destroy the wight!
Your Polearms skill increases to level 9!
No target in view!
No target in view!
HP restored.
Things that are here:
a +0 scimitar; a +0 robe
There is an open door here.
B - 31 poisoned darts (gained 6)
You open the door.
There is an open door here.
You open the door.
There is an open door here.
You open the door.
There is an open door here.
You open the door.
There is an open door here.
You open the door.
Found a stone staircase leading up.
There is an open door here.
q - a scroll of identify
There is an open door here. 2 orcs come into view.
The orc shouts! x2; You hear a shout!
The orc moves out of view.
An orc is nearby!
An orc is nearby!
An orc comes into view. It is wielding a +0 dagger.
You reach to attack!
You slash the orc!
You kill the orc!
You hit the orc. You headbutt the orc, but do no damage.
The orc is heavily wounded.
The orc hits you but does no damage. x2
You barely miss the orc.
The orc is heavily wounded.
You puncture the orc!
You kill the orc!
You puncture the orc!
You kill the orc!
No target in view!
No target in view!
As you read the scroll of identify, it crumbles to dust.
n - 2 potions of brilliance
Okay, then.
Items here: )) [ †.
Things that are here:
a +0 mace; an orc corpse
h - 8 scrolls of teleportation (gained 1)
There is an open door here.
You open the door.
There is an open door here.
You open the door.
There is an open door here.
As you open the door, it creaks loudly!
There is an open door here.
As you open the door, it creaks loudly!
There is an open door here.
You open the door.
There is an open door here.
There is a stone staircase leading down here.
There is an open door here.
You open the door.
There is an open door here.
There is an open door here.
The lemure shouts!
A lemure is nearby!
Pikel shouts!
You reach to attack!
You slash the lemure!
The lemure is heavily wounded.
You closely miss the lemure. You headbutt the lemure.
The lemure is heavily wounded.
The lemure hits you.
You puncture the lemure!
You kill the lemure!
That felt strangely unrewarding.
You hit Pikel. Your headbutt misses Pikel.
Pikel is lightly wounded.
Pikel hits you with a +0 whip of flaming.
Pikel burns you.
You hit Pikel but do no damage.
Pikel is lightly wounded.
Pikel hits you but does no damage.
You slash Pikel! Your headbutt misses Pikel.
Pikel is heavily wounded.
Pikel completely misses you. You furiously retaliate!
You headbutt Pikel! You closely miss Pikel.
Pikel is almost dead.
Pikel hits you but does no damage.
You puncture Pikel!
You kill Pikel!
Your life force feels restored.
Your Polearms skill increases to level 10!
You have reached level 9!
Your experience leads to an increase in your attributes!
Your base attributes are Str 13, Int 15, Dex 10.
Increase (S)trength, (I)ntelligence, or (D)exterity?
You feel stronger. x2
Okay, then.
q - a murky green potion
Things that are here:
a +0 whip of flaming; a +0 robe; the kobold corpse of Pikel
There is an open door here.
q - 2 murky green potions (gained 1) Done exploring.
Done exploring.
Done exploring.
There is an open door here.
Things that are here:
a +0 whip of flaming; a +0 robe; the kobold corpse of Pikel You see here a +0 hand axe.
There is an open door, spattered with blood here.
There is a stone staircase leading down here.
You climb downwards.
Level annotation: 1 transporter, exclusion: downstairs, CertainDeath's ghost, novice TrGl
There is a stone staircase leading up here.
There is an open door here.
There is an open door here.
There is an open door here.
The crimson imp shouts!
The orc warrior shouts!
B - 36 poisoned darts (gained 5)
There is a stone staircase leading down here.
Found a book of Spatial Translocations.
Found a transporter.
The quasit gives a chilling moan.
CertainDeath's ghost turns its malevolent gaze towards you.
You hear a horrible gurgling sound!
You now have 419 gold pieces (gained 10).
The crimson imp shouts!
Found a one-way gate to the infinite horrors of the Abyss.
You see here a +0 falchion.
Partly explored, unvisited transporter.
Partly explored, unvisited transporter.
Partly explored, unvisited transporter.
Partly explored, unvisited transporter.
CertainDeath's ghost turns its malevolent gaze towards you.
The red ugly thing gurgles horribly!
You see here 6 stones.
There is a stone staircase leading down here.
There is an open door here.
There is a stone staircase leading down here.
You climb downwards.
There is a stone staircase leading up here.
Things that are here:
a +0 shortbow; a centaur skeleton An orc comes into view.
It is wielding a +0 club.
The orc shouts!
You hear a shout!
There is a stone staircase leading down here.
An orc priest comes into view. It is wielding a +0 whip.
You hit the orc but do no damage. The orc closely misses you.
You furiously retaliate!
You headbutt the orc!
You kill the orc!
An orc warrior comes into view.
It is wielding a +0 short sword of electrocution.
You barely miss the orc priest. Your headbutt misses the orc priest.
The orc priest hits you but does no damage.
You closely miss the orc priest. You headbutt the orc priest.
The orc priest is moderately wounded.
The orc priest hits you but does no damage.
You impale the orc priest!!
You kill the orc priest!
There is a stone staircase leading down here.
Unknown command.
Reach: J) +2 halberd
Press: ? - help, Dir - move target, f - orc warrior
Aim: an orc warrior, wielding a +0 short sword of electrocution and wearing a +0 chain mail (about 42% to evade your +2 halberd)
You reach to attack!
You puncture the orc warrior!
The orc warrior is heavily wounded.
An orc comes into view. It is wielding a +0 mace.
Reach: J) +2 halberd
Press: ? - help, Dir - move target, f/p - orc warrior
Aim: an orc warrior, wielding a +0 short sword of electrocution and wearing a +0 chain mail (heavily wounded, about 42% to evade your +2 halberd)
The orc shouts!
You slice the orc warrior!!
You kill the orc warrior!
Things that are here:
a +0 short sword of electrocution; a +0 chain mail
There is a stone staircase leading down here.
You puncture the orc!
You kill the orc!
No target in view!
No target in view!
A kobold comes into view. It is wielding a +0 whip.
The kobold shouts!
The kobold moves out of view.
A kobold brigand comes into view.
It is wielding a +0 club and quivering poisoned darts.
The kobold brigand shouts!
The kobold throws a stone.
The stone hits you but does no damage.
An acid dragon comes into view.
The acid dragon roars!
You hear a shout!
The kobold throws a stone.
The stone hits you but does no damage.
The kobold brigand throws a poisoned dart.
The poisoned dart hits you!
You are poisoned.
You feel sick.
You feel sick.
There is a stone staircase leading down here.
You feel sick.
Things that are here:
a +0 short sword of electrocution; a +0 chain mail You feel sick.
You feel sick.
There is a stone staircase leading up here.
You feel sick.
You start resting.
You feel sick. x2
You are no longer poisoned.
No target in view!
The kobold brigand throws a poisoned dart.
The poisoned dart hits you.
You are poisoned.
There is a stone staircase leading up here.
You feel sick.
You start resting.
You feel sick. x2
A kobold brigand is nearby!
You reach to attack!
You closely miss the kobold brigand.
You feel sick.
The kobold brigand throws a poisoned dart.
The poisoned dart hits you!
You are more poisoned.
You reach to attack!
You puncture the kobold brigand!
The kobold brigand is heavily wounded.
You feel sick.
You hit the kobold brigand.
The kobold brigand is heavily wounded.
You feel sick.
You slash the kobold brigand! You headbutt the kobold brigand.
The kobold brigand is almost dead.
You feel sick.
The kobold brigand hits you with a +0 club.
You hit the kobold brigand.
You kill the kobold brigand!
You feel sick.
You puncture the kobold!
You kill the kobold!
You feel sick.
You puncture the acid dragon!
The acid dragon is moderately wounded.
You feel sick. The acid dragon barely misses you.
The acid dragon closely misses you.
You slash the acid dragon! Your headbutt misses the acid dragon.
The acid dragon is severely wounded.
You feel sick.
You are no longer poisoned.
A kobold comes into view. It is wielding a +0 short sword.
The acid dragon bites you.
The acid dragon claws you but does no damage.
You puncture the acid dragon!
You kill the acid dragon!
Your Polearms skill increases to level 11!
You closely miss the kobold. Your headbutt misses the kobold.
The kobold hits you with a +0 short sword.
You puncture the kobold!
You kill the kobold!
No target in view!
No target in view!
A kobold comes into view. It is wielding a +0 dagger.
There is a stone staircase leading up, spattered with blood here.
Items here: (( ))) †.
Okay, then.
The kobold shouts!
Things that are here:
a +0 short sword of electrocution; a +0 chain mail You reach to attack!
You barely miss the kobold. You hit the kobold.
You kill the kobold!
No target in view!
No target in view!
HP restored.
B - 40 poisoned darts (gained 4)
There is a stone staircase leading up, spattered with blood here.
Items here: ( ))) †.
Found a stone staircase leading down.
A centaur comes into view.
Found 4 stones.
The centaur shouts!
The centaur wields a +0 shortbow.
The centaur shoots an arrow.
The arrow barely misses you.
Found a ring of magical power.
Found a stone staircase leading up.
The centaur shoots an arrow.
The arrow hits you.
An orc comes into view. It is wielding a +0 mace.
Found an escape hatch in the ceiling.
The orc shouts!
The centaur unwields a +0 shortbow.
The centaur hits you but does no damage.
The centaur barely misses you.
A wyvern comes into view.
The wyvern hisses angrily.
You hit the centaur.
The centaur is lightly wounded.
The centaur hits you.
The centaur kicks you but does no damage.
The centaur hits you.
The centaur kicks you but does no damage.
An orc comes into view. It is wielding a +0 hand axe.
The orc shouts!
You slice the centaur!!
You kill the centaur!
The wyvern bites you!
You hit the wyvern but do no damage. The wyvern barely misses you.
You puncture the wyvern! Your headbutt misses the wyvern.
The wyvern is heavily wounded.
The wyvern closely misses you. The wyvern barely misses you.
You slash the wyvern!
You kill the wyvern!
You impale the orc!!
You kill the orc!
You closely miss the orc. You headbutt the orc!
You kill the orc!
Things that are here:
a +0 hand axe; a +0 mace; a wyvern corpse An orc warrior comes into view.
It is wielding a +0 dire flail.
The orc warrior shouts!
You reach to attack!
You hit the orc warrior but do no damage.
You hit the orc warrior.
The orc warrior is lightly wounded.
The orc warrior hits you with a +0 dire flail!
You hit the orc warrior.
The orc warrior is lightly wounded.
The orc warrior hits you but does no damage.
Press: ? - help, v - describe, . - travel, g - get item
Here: an orc warrior, wielding a +0 dire flail and wearing a +0 plate armour (lightly wounded)
Items here: a +0 hand axe; a +0 mace; a wyvern corpse.
The floor, spattered with blood.
Unknown command.
Unknown command.
Unknown command.
Unknown command.
Okay, then.
Unknown command.
You completely miss the orc warrior. You headbutt the orc warrior.
The orc warrior is moderately wounded.
The orc warrior hits you with a +0 dire flail.
You slash the orc warrior!
You headbutt the orc warrior, but do no damage.
The orc warrior is heavily wounded.
The orc warrior closely misses you.
You hit the orc warrior but do no damage.
Your headbutt misses the orc warrior.
The orc warrior is heavily wounded.
The orc warrior barely misses you.
You closely miss the orc warrior.
The orc warrior is heavily wounded.
The orc warrior hits you but does no damage.
You hit the orc warrior. Your headbutt misses the orc warrior.
The orc warrior is severely wounded.
The orc warrior hits you with a +0 dire flail!
You hit the orc warrior.
The orc warrior is severely wounded.
The orc warrior hits you with a +0 dire flail!
* * * LOW HITPOINT WARNING * * *
You closely miss the orc warrior. You headbutt the orc warrior.
The orc warrior is almost dead.
The orc warrior hits you with a +0 dire flail!
* * * LOW HITPOINT WARNING * * *
Aiming: Charm
Press: ? - help, Shift-Dir - straight line, f/p - orc warrior
Aim: an orc warrior, wielding a +0 dire flail and wearing a +0 plate armour (almost dead, chance to affect: 49%)
The orc warrior resists with some effort.
The orc warrior hits you with a +0 dire flail.
* * * LOW HITPOINT WARNING * * *
Aiming: Charm
Press: ? - help, Shift-Dir - straight line, f/p - orc warrior
Aim: an orc warrior, wielding a +0 dire flail and wearing a +0 plate armour (almost dead, chance to affect: 49%)
The orc warrior resists with some effort.
The orc warrior hits you with a +0 dire flail!
You die...

##### .#####...######
....^.........##########
#####..................
#...######........#
#...# ########.. ##@##
### < #o#### .o..#....##
....<.>....#
.........)..#
............#
............#
.(............
.#...#......##.


You could see an orc warrior.

Vanquished Creatures
  Pikel (D:7)
  Sigmund (D:2)
  A wyvern (D:9)
  An acid dragon (D:9)
  An ice beast (D:6)
  An orc warrior (D:9)
  2 centaurs (D:9)
  An ogre (D:6)
  4 lemures
  2 kobold brigands
  A necrophage (D:8)
  3 scorpions
  3 wights (D:7)
  2 jellies (D:6)
  7 orc priests
  Jessica (D:2)
  5 orc wizards
  4 iguanas
  7 adders
  A white imp (D:6)
  An ufetubus (D:7)
  2 worms
  3 dart slugs
  28 orcs
  11 endoplasms
  4 giant cockroaches
  3 goblins
  6 hobgoblins
  9 jackals
  16 kobolds
  2 quokkas
  9 ball pythons
  4 bats
  11 frilled lizards
  8 rats
166 creatures vanquished.

Vanquished Creatures (collateral kills)
  A wight (D:7)
1 creature vanquished.

Grand Total: 167 creatures vanquished

Notes
Turn   | Place    | Note
-------+----------+-------------------------------------------
     0 | D:1      | sleeves the Minotaur Conjurer began the quest for the Orb.
     0 | D:1      | Reached XP level 1. HP: 14/14 MP: 1/1
   194 | D:1      | Reached skill level 1 in Fighting
   194 | D:1      | Reached skill level 1 in Armour
   245 | D:1      | Reached XP level 2. HP: 23/23 MP: 3/3
   466 | D:1      | Reached skill level 2 in Fighting
   466 | D:1      | Reached skill level 2 in Armour
   731 | D:1      | Reached XP level 3. HP: 29/29 MP: 0/4
  1020 | D:1      | Found a faded altar of an unknown god.
  1342 | D:2      | Noticed Jessica
  1625 | D:2      | Noticed Sigmund
  1753 | D:2      | Killed Jessica
  1754 | D:2      | Reached skill level 3 in Fighting
  1754 | D:2      | Reached skill level 3 in Armour
  1754 | D:2      | Reached XP level 4. HP: 27/38 MP: 5/5
  1808 | D:2      | Found Buwkiag's General Store.
  1834 | D:2      | Found Mugeex's Jewellery Shop.
  1904 | D:2      | Learned a level 2 spell: Searing Ray
  2023 | D:2      | Found Sudumari's Armour Emporium.
  2244 | D:2      | Found Ynilaprocly's Weapon Shoppe.
  2551 | D:3      | Found a runed translucent door.
  2552 | D:3      | Noticed Crazy Yiuf
  3339 | D:4      | Noticed a centaur
  3339 | D:4      | HP: 17/40 [centaur/arrow (13)]
  3342 | D:4      | HP: 7/40 [centaur/arrow (5)]
  3614 | D:4      | Reached XP level 5. HP: 46/46 MP: 6/6
  3626 | D:4      | Reached skill level 1 in Polearms
  3790 | D:4      | HP: 22/46 [centaur/arrow (7)]
  3824 | D:5      | Entered Level 5 of the Dungeon
  4120 | D:5      | Reached skill level 4 in Fighting
  4120 | D:5      | Reached skill level 4 in Armour
  4258 | D:5      | Identified the -2 pair of gloves "Deisoc" {rElec rF- rC++
                  | rN+ Regen+}
  4260 | D:5      | Found a glowing drain.
  4289 | D:5      | Reached skill level 2 in Polearms
  4332 | Sewer    | Entered a sewer
  4586 | D:5      | Found a staircase to the Ecumenical Temple.
  4595 | Temple   | Entered the Ecumenical Temple
  4814 | D:5      | Found Yceaty's Distillery.
  5011 | D:5      | Identified the +1 mace of Koklemmirgh {elec, Dex+2}
  5235 | D:6      | HP: 23/47 [iguana (1)]
  5237 | D:6      | Reached XP level 6. HP: 27/53 MP: 7/7
  5343 | D:6      | Found a glowing silver altar of Zin.
  5427 | D:6      | Found a bloodstained altar of Trog.
  5429 | D:6      | Found a basalt altar of Yredelemnul.
  5469 | D:6      | HP: 20/53 [ogre/+0 giant club (33)]
  5471 | D:6      | Reached skill level 3 in Polearms
  5798 | D:5      | HP: 27/55 [poisoned by a kobold brigand]
  5935 | D:6      | HP: 22/55 [iguana (9)]
  5942 | D:6      | Reached skill level 5 in Fighting
  5942 | D:6      | Reached skill level 5 in Armour
  6072 | D:6      | Noticed an ice beast
  6188 | D:6      | Found a glowing golden altar of the Shining One.
  6807 | D:6      | Reached XP level 7. HP: 42/61 MP: 8/8
  6810 | D:5      | HP: 29/61 [poisoned by a kobold brigand]
  6815 | D:5      | HP: 26/61 [poisoned by a kobold brigand]
  7023 | D:6      | Found an opulent altar of Gozag.
  7025 | D:6      | Found an iron altar of Okawaru.
  7267 | D:7      | Reached skill level 4 in Polearms
  8242 | D:7      | Reached skill level 6 in Fighting
  8304 | D:7      | Reached skill level 6 in Armour
  8567 | D:7      | Noticed Pikel
  8679 | D:6      | Reached skill level 5 in Polearms
  9057 | D:7      | Found a shimmering altar of Xom.
  9493 | D:8      | Reached XP level 8. HP: 71/71 MP: 9/9
  9946 | D:8      | Found a transporter.
  9946 | D:8      | Noticed CertainDeath's ghost (novice TrGl)
  9949 | D:8      | Noticed a red ugly thing
 10097 | D:9      | Noticed a two-headed ogre
 10132 | D:9      | Reached skill level 6 in Polearms
 11460 | D:2      | Killed Sigmund
 11461 | D:2      | Reached skill level 7 in Polearms
 12083 | D:6      | HP: 32/71 [ice beast (8)]
 12086 | D:6      | Reached skill level 8 in Polearms
 12351 | D:7      | HP: 19/65 [wight/+2 halberd (16)]
 12704 | D:7      | Reached skill level 9 in Polearms
 12976 | D:7      | Killed Pikel
 12977 | D:7      | Reached skill level 10 in Polearms
 12977 | D:7      | Reached XP level 9. HP: 63/78 MP: 10/10
 13325 | D:8      | Found a transporter.
 13350 | D:8      | Found a one-way gate to the infinite horrors of the Abyss.
 13547 | D:9      | Reached skill level 11 in Polearms
 13673 | D:9      | HP: 29/78 [orc warrior/+0 dire flail (14)]
 13675 | D:9      | HP: 11/78 [orc warrior/+0 dire flail (6)]
 13676 | D:9      | Slain by an orc warrior

Illustrated notes

Levels and vault maps discovered:
D:1:      dpeg_chamrin_arrival_tetris, layout_basic,
          hellmonk_ecumenical_altar_leap_of_faith, dk_noncrumbling_4,
          minmay_close_crescents
D:2:      layout_rooms, serial_shops, nicolae_shop_statue_plus,
          nicolae_shop_bloodbath_and_beyond, nicolae_shop_hallway_stairs, shop,
          uniq_sigmund, uniq_jessica
D:3:      layout_rooms, serial_bayou_pond_a, uniq_crazy_yiuf_cottage
D:4:      layout_layer_cave
D:5:      layout_gridville, minmay_temple_entry_statues, serial_shops,
          nicolae_shop_behind_doors, gup_sewer_entry_glass
D:6:      layout_basic, lemuel_coloured_pillars_altar, zin_scriptorium,
          nicolae_overflow_hidden_temple
D:7:      layout_gridville, mainiacjoe_overflow_tiny_flanked, uniq_pikel
D:8:      layout_loops_corners, gammafunk_ghost_abyssal_escape
D:9:      layout_rooms, grunt_temple_overflow_lords_of_destruction,
          gammafunk_ghost_icy
Temple:   nicolae_temple_bog_church

Skill      XL: |  1  2  3  4  5  6  7  8  9 |
---------------+----------------------------+-----
Fighting       | 1 2 3 4 5 6 |  6.6
Armour         | 1 2 3 4 5 6 |  6.6
Polearms       | 2 3 5 10 11 | 11.7
Dodging        | |  2.1
Stealth        | |  1.5
Spellcasting   | |  1.3
Conjurations   | |  2.9

Action                   |  1- 3 |  4- 6 |  7- 9 || total
-------------------------+-------+-------+-------++-------
Melee: Dagger            |    58 |    26 |       ||    84
       Headbutt          |     9 |     6 |    20 ||    35
       Club              |       |     1 |       ||     1
       Trident           |       |       |    80 ||    80
       Halberd           |       |       |    56 ||    56
Throw: Dart              |       |     2 |    18 ||    20
       Boomerang         |       |       |     4 ||     4
 Cast: Magic Dart        |    49 |   136 |    61 ||   246
       Searing Ray       |       |    19 |    23 ||    42
Evoke: Wand              |       |       |     4 ||     4
  Use: Scroll            |       |     6 |     3 ||     9
 Stab: Sleeping          |     2 |     2 |       ||     4
Armor: Robe              |    10 |     6 |       ||    16
       Leather armour    |       |    13 |    11 ||    24
       Scale mail        |       |       |    28 ||    28
       Chain mail        |       |       |    14 ||    14
Dodge: Dodged            |    40 |    45 |    54 ||   139
Block: Tower shield      |       |       |    35 ||    35

Table legend: (Time is in decaauts)
 A = Elapsed time spent in this place.
 B = Non-inter-level travel time spent in this place.
 C = Inter-level travel time spent in this place.
 D = Time resting spent in this place.
 E = Time spent auto-exploring this place.
 F = Levels seen in this place.
 G = Mean time per level.
                   A        B        C        D        E       F      G
               +--------+--------+--------+--------+--------+-----+--------+
         Total |  13765 |  12117 |   1648 |   1967 |   6879 |  11 | 1251.4 |
       Dungeon |  13515 |  11889 |   1626 |   1967 |   6686 |   9 | 1501.7 |
        Temple |    181 |    160 |     21 |      0 |    150 |   1 |  181.0 |
         Sewer |     68 |     68 |      0 |      0 |     43 |   1 |   68.0 |
               +--------+--------+--------+--------+--------+-----+--------+

Top non-repeatable levels by time:
     D:6: 2903 daAuts
     D:7: 2324 daAuts
     D:5: 1675 daAuts
     D:1: 1604 daAuts
     D:4: 1371 daAuts
     D:2: 1247 daAuts
     D:8: 1169 daAuts
     D:3: 995 daAuts
     D:9: 223 daAuts
  Temple: 181 daAuts
   Sewer: 68 daAuts
